 Dungeon Crawl Stone Soup version 0.31.0-32-g396128a36d (webtiles) character file.

Game seed: 2143808081078952061

520 Alphaeus the Ruffian (level 7, -9/45 HPs)
             Began as an Octopode Shapeshifter on Mar 19, 2024.
             Was an Initiate of Gozag.
             Mangled by an ice beast (13 damage)
             ... on level 5 of the Dungeon.
             The game lasted 00:02:30 (2972 turns).

Alphaeus the Ruffian (Octopode Shapeshifter)        Turns: 2972, Time: 00:02:31

Health: -9/45      AC:  1    Str: 16    XL:     7   Next: 21%
Magic:  7/7        EV: 13    Int: 12    God:    Gozag
Gold:   179        SH:  0    Dex: 11    Spells: 6/6 levels left

rFire   . .          .
                       - Unarmed
rCold   . . .        (no shield)
rNeg    . . .        (helmet currently unavailable)
rPois   .            (no amulet)
rElec   .            (no ring)
rCorr   .            (no ring)
SInv    .            (no ring)
Will    .....        (no ring)
Stlth   ++           (no ring)
HPRegen 0.27/turn    (no ring)
MPRegen 0.10/turn    (no ring)
                     (no ring)

%: no passive effects
@: beast-form, gold aura
A: beast (slay +2), almost no armour, amphibious, 8 rings, camouflage 1,
gelatinous body 1, (nimble swimmer 1), tentacles
a: Begin Untransformation, Renounce Religion, Potion Petition, Call Merchant,
Bribe Branch


You were on level 5 of the Dungeon.
You worshipped Gozag.
Gozag was aware of your devotion.
You were a hulking beast.
You visited 2 branches of the dungeon, and saw 6 of its levels.

You collected 259 gold pieces.
You spent 28 gold pieces at shops.
You paid 52 gold pieces to Gozag.

Inventory:

Jewellery
 l - a ring of resist corrosion
 m - a +6 ring of strength
Talismans
 b - a beast talisman
 c - a flux talisman
Scrolls
 e - 2 scrolls of poison {unknown}
 f - a scroll of revelation {unknown}
 g - 4 scrolls of identify
 h - a scroll of fog {unknown}
 k - a scroll of amnesia {unknown}
 n - 2 scrolls of teleportation {unknown}
 o - a scroll of silence {unknown}
 p - a scroll of immolation {unknown}
 q - a scroll of noise {unknown}
 r - a scroll of vulnerability {unknown}
 s - a scroll of torment {unknown}
 t - a scroll of enchant armour {unknown}
 v - a scroll of butterflies {unknown}
Potions
 a - a potion of lignification
 d - 2 potions of might {unknown}
 i - a potion of ambrosia {unknown}
 j - 3 potions of heal wounds {unknown}
 u - a potion of brilliance {unknown}


   Skills:
 + Level 2.9 Fighting
 + Level 3.4 Dodging
 * Level 5.1 Unarmed Combat
 * Level 5.0 Shapeshifting


You had 6 spell levels left.
You didn't know any spells.
Your spell library contained the following spells:

 Spells                   Type           Power      Damage    Failure   Level
 Magic Dart               Conj           0%         1d3       32%         1
 Searing Ray              Conj           0%         2d4       45%         2
 Stone Arrow              Conj/Erth      0%         3d7       69%         3
 Volatile Blastmotes      Fire/Tloc      0%         2d10      69%         3
 Fulminant Prism          Conj/Alch      0%         3d5       97%         4
 Iskenderun's Mystic Bla  Conj/Tloc      0%         2d3       97%         4
 Lehudib's Crystal Spear  Conj/Erth      0%         10d2      100%        8
 Animate Armour           Summ/Erth      Unusable   N/A       N/A         4

Dungeon Overview and Level Annotations

Branches:
Dungeon (5/15)             Temple (1/1) D:4

Altars:
Ashenzari
Dithmenos
Gozag
Kikubaaqudgha
Okawaru
Qazlal
Ru
Sif Muna
Uskayaw
Vehumet
Wu Jian
Xom
Zin
The Shining One

Shops:
D:1 =   D:3 ?


Innate Abilities, Weirdness & Mutations

You are a hulking beast.
Your limbs bulge with bestial killing power. (Slay +2)
You cannot wear most types of armour.
You are amphibious.
You can wear up to eight rings at the same time.
Your skin changes colour to match your surroundings (Stealth+).
Your rubbery body absorbs attacks. (AC +1, EV +1)
((You are camouflaged when in or above water. (Stealth+)))
You have tentacles for arms and can constrict up to eight enemies at once.


Message History

You have reached level 7!
You see here 7 gold pieces.
The ice beast is distracted by your dazzling golden aura.
You tentacle-slap the ice beast.
The ice beast is no longer distracted by gold.
The ice beast is lightly wounded.
The ice beast hits you. The ice beast freezes you!
You tentacle-slap the ice beast. You squeeze the ice beast!
The ice beast is severely wounded.
The ice beast closely misses you.
You barely miss the ice beast.
The ice beast is severely wounded.
The ice beast hits you. The ice beast freezes you.
You are too injured to fight recklessly!
You are too injured to fight recklessly!
You are too injured to fight recklessly!
You are too injured to fight recklessly!
You are too injured to fight recklessly!
You are too injured to fight recklessly!
You are too injured to fight recklessly!
You are too injured to fight recklessly!
You are too injured to fight recklessly!
You are too injured to fight recklessly!
You are too injured to fight recklessly!
You are too injured to fight recklessly!
You tentacle-slap the ice beast.
The ice beast is severely wounded.
The ice beast hits you.
* * * LOW HITPOINT WARNING * * *
The ice beast freezes you.
* * * LOW HITPOINT WARNING * * *
You tentacle-slap the ice beast but do no damage.
The ice beast is severely wounded.
You tentacle-slap the ice beast.
The ice beast is almost dead.
The ice beast hits you.
* * * LOW HITPOINT WARNING * * *
The ice beast freezes you!
You die...
Your body crumbles into a pile of gold.

##### #### ###....
..# .......###.#
#......##>#########
##.........$hY......
........##.#####..##
........##.#
..#.........#
####...###..####
#.###.......#
...#######.## .(..#
#.# ###### ..###
####.####....#


You could see an ice beast.

Vanquished Creatures
  A water moccasin (D:5)
  A black bear (D:4)
  A phantom (D:5)
  A bombardier beetle (D:3)
  A hound (D:4)
  A jelly (D:5)
  An orc wizard (D:3)
  7 adders
  2 dart slugs
  5 orcs
  3 endoplasms
  A giant cockroach (D:4)
  11 goblins
  10 hobgoblins
  6 quokkas
  8 ball pythons
  3 bats
  3 kobolds
  7 rats
  A spectral goblin (D:1)
74 creatures vanquished.

Notes
Turn   | Place    | Note
-------+----------+-------------------------------------------
     0 | D:1      | Alphaeus the Octopode Shapeshifter began the quest for the
                  | Orb.
     0 | D:1      | Reached XP level 1. HP: 13/13 MP: 1/1
    88 | D:1      | Found a faded altar of an unknown god.
   256 | D:1      | Reached XP level 2. HP: 18/18 MP: 2/2
   332 | D:1      | Found Gywiurra's Jewellery Shop.
   564 | D:2      | Reached XP level 3. HP: 16/23 MP: 3/3
  1208 | D:2      | Reached XP level 4. HP: 28/28 MP: 4/4
  1304 | D:3      | Found Oghatoj's Magic Scroll Emporium.
  1309 | D:3      | Bought a scroll of identify for 28 gold pieces
  1441 | D:3      | Reached XP level 5. HP: 20/34 MP: 5/5
  2085 | D:4      | Found a hide-covered altar of Uskayaw.
  2284 | D:4      | Found a staircase to the Ecumenical Temple.
  2297 | Temple   | Entered the Ecumenical Temple
  2325 | Temple   | Became a worshipper of Gozag Ym Sagoz the Greedy
  2498 | D:4      | Noticed a black bear
  2507 | D:4      | Killed a black bear
  2508 | D:4      | Reached XP level 6. HP: 16/41 MP: 6/6
  2705 | D:5      | Entered Level 5 of the Dungeon
  2764 | D:5      | Found a broken altar of Ashenzari.
  2926 | D:5      | Found a shimmering altar of Xom.
  2958 | D:5      | Noticed a water moccasin
  2961 | D:5      | Noticed an ice beast
  2964 | D:5      | Killed a water moccasin
  2965 | D:5      | Reached skill level 5 in Unarmed Combat
  2965 | D:5      | Reached skill level 5 in Shapeshifting
  2965 | D:5      | Reached XP level 7. HP: 36/45 MP: 7/7
  2972 | D:5      | Mangled by an ice beast

Illustrated notes

Levels and vault maps discovered:
D:1:      sevenhm_arrival_forest_fort_small_3, layout_rooms, serial_shops, shop,
          dreamdust_ecumenical_altar_drowned_temple, chequers_garden,
          serial_bayou_lagoon_a
D:2:      layout_basic, nicolae_the_louvre
D:3:      layout_loops_ring, serial_shops, shop, st_stairs_13, kennysheep_nub,
          corner_web_ring, minmay_goblin_outpost
D:4:      layout_rooms, mainiacjoe_overflow_boulevard, temple_fountains
D:5:      layout_loops_cross, kennysheep_ying_yang,
          regret_index_xom_buried_treasure, nicolae_overflow_crystal_walls,
          mainiacjoe_overflow_cross_hatched, minivault_26,
          chequers_decorated_corner, uniq_pikel
Temple:   grunt_temple_mini_profane

Skill      XL: |  1  2  3  4  5  6 |
---------------+-------------------+-----
Unarmed Combat | 4 5 |  5.1
Fighting       | 2 |  2.9
Shapeshifting  | 4 5 |  5.0
Dodging        | 3 |  3.4

Action                     |  1- 3 |  4- 6 |  7- 9 || total
---------------------------+-------+-------+-------++-------
  Melee: Unarmed           |    55 |    95 |     6 ||   156
         Constrict         |    13 |    23 |       ||    36
         Punch             |     1 |     5 |       ||     6
         Tentacles         |     8 |    13 |     1 ||    22
   Stab: Sleeping          |     2 |     7 |       ||     9
 Armour: Skin              |    26 |    41 |     4 ||    71
  Dodge: Dodged            |    36 |    54 |     1 ||    91
